 Dungeon Crawl Stone Soup version 0.27.1-34-g3ba077fa99 (webtiles) character file.

Game seed: 18407854454584151616

4820 ticklebelly the Cleaver (level 10, -2/94 HPs)
             Began as a Minotaur Berserker on Jan 4, 2022.
             Was an Elder of Trog.
             Killed from afar by an electric eel (8 damage)
             ... with a bolt of electricity
             ... on level 8 of the Dungeon.
             The game lasted 00:19:19 (8913 turns).

ticklebelly the Cleaver (Minotaur Berserker)        Turns: 8913, Time: 00:19:20

Health: -2/94      AC: 14    Str: 25    XL:     10   Next: 24%
Magic:  9/9        EV: 10    Int:  4    God:    Trog [****..]
Gold:   397        SH:  0    Dex: 10    Spells: 9/9 levels left

rFire    . . .     SeeInvis .   J - +1 war axe (vamp)
rCold    . . .     Faith    .   (no shield)
rNeg     . . .     Spirit   .   E - +0 chain mail
rPois    .         Reflect  .   (helmet restricted)
rElec    .         Harm     .   (no cloak)
rCorr    .         Rampage  .   r - +0 pair of gloves
Will     .....                  i - +0 pair of boots
Stlth    ..........             (no amulet)
HPRegen  0.25/turn              n - ring of flight
MPRegen  0.11/turn              (no ring)

@: flying
A: horns 2, retaliatory headbutt
a: Renounce Religion, Berserk, Trog's Hand, Brothers in Arms


You were on level 8 of the Dungeon.
You worshipped Trog.
Trog was greatly pleased with you.
You visited 1 branch of the dungeon, and saw 8 of its levels.

You collected 397 gold pieces.

Inventory:

Hand Weapons
 w - a +0 war axe
 B - a +3 mace
 J - a +1 vampiric war axe (weapon)
Missiles
 I - 2 throwing nets (quivered)
Armour
 i - a +0 pair of boots (worn)
 r - a +0 pair of gloves (worn)
 t - a +0 ring mail
 C - a +0 buckler
 E - a +0 chain mail (worn)
Jewellery
 n - a ring of flight (left hand)
 o - a ring of protection from cold
Wands
 b - a wand of polymorph (19)
 j - a wand of iceblast (4)
 s - a wand of paralysis (11)
 u - a wand of flame (14)
 y - a wand of charming (10)
Scrolls
 a - a scroll of silence {unknown}
 c - 4 scrolls of fog {unknown}
 e - a scroll of holy word {unknown}
 f - 2 scrolls of enchant armour {unknown}
 g - 5 scrolls of noise {unknown}
 h - a scroll of enchant weapon {unknown}
 l - 3 scrolls of torment {unknown}
 m - 3 scrolls of identify {unknown}
 p - a scroll of acquirement {unknown}
 v - a scroll of fear {unknown}
 z - a scroll of amnesia {unknown}
 A - 2 scrolls of teleportation {unknown}
 H - a scroll of brand weapon {unknown}
Potions
 d - 3 potions of heal wounds {unknown}
 k - a potion of resistance {unknown}
 q - a potion of attraction {unknown}
 x - 4 potions of curing {unknown}
 D - 2 potions of degeneration {unknown}
 F - a potion of brilliance {unknown}
 G - a potion of magic {unknown}


   Skills:
 + Level 10.7 Fighting
 + Level 10.8 Axes
 + Level 9.5 Armour
 - Level 5.5 Dodging


You had 9 spell levels left.
You didn't know any spells.
Your spell library was empty.

Dungeon Overview and Level Annotations

Branches:
Dungeon (8/15)             Temple (0/1) D:5
   Lair: D:8-11

Altars:
Cheibriados
Elyvilon
Makhleb
Yredelemnul
The Shining One


Innate Abilities, Weirdness & Mutations

You have a pair of horns on your head.
You reflexively headbutt those who attack you in melee.


Message History

Trog accepts your kill.
You slash the yak! You hit the steam dragon.
You feel better.
You closely miss the yak. You slash the yak!
You feel better. The yak gores you but does no damage.
The steam dragon closely misses you. The steam dragon claws you.
The yak barely misses you. You furiously retaliate!
You headbutt the yak. The yak gores you.
The electric eel shoots out a bolt of lightning at you!
The bolt of electricity misses you. The yak gores you!
The steam dragon breathes steam at you. The ball of steam hits you!
You hear a bark!
You hear a shout!
Things that are here:
a hound corpse; a yak corpse; a hound corpse You closely miss the yak.
The yak is moderately wounded.
You hit the yak but do no damage. You hit the yak.
You are engulfed in a cloud of scalding steam.
The yak is engulfed in a cloud of scalding steam.
The yak gores you.
The electric eel shoots out a bolt of lightning at you!
The bolt of electricity hits you!
* * * LOW HITPOINT WARNING * * *
The bolt of electricity hits the yak!
The yak is engulfed in a cloud of scalding steam.
The yak gores you!
* * * LOW HITPOINT WARNING * * *
The yak is engulfed in a cloud of scalding steam.
The yak bellows!
The yak gores you but does no damage.
You hit the yak but do no damage. Your headbutt misses the yak.
The yak is severely wounded.
You hit the yak. You hit the yak but do no damage.
You are engulfed in a cloud of scalding steam.
The yak is engulfed in a cloud of scalding steam.
The yak gores you.
* * * LOW HITPOINT WARNING * * *
The electric eel shoots out a bolt of lightning at you!
The bolt of electricity hits you!
You die...

#....#.....#......
......
#....#.....#......
......
#....#............
......
#######'##..#.#.#....
......
....(....#...........
######
.#.#.#...#..#.#.#.###
#
.........#...D......#
+.
.#.#.#...#..#Y#.#...#
#.
.........#..Y@Y.....#
#.
.#.#.#...#.§.#§######
.........#§.§#...
#........'.§§#.....
..##.....#§..#.......
#............≈.......
#.....≈.........;..≈.
#......≈≈..≈≈.≈≈≈..≈.
#....≈≈≈≈≈h≈≈≈≈≈≈≈


You could see 3 yaks, a steam dragon and an electric eel.

Vanquished Creatures
  Harold (D:7)
  A two-headed ogre (D:6)
  3 yaks (D:8)
  A water moccasin (D:7)
  A sky beast (D:8)
  4 ogres
  An orc warrior (D:8)
  A necrophage (D:7)
  2 wolves (D:8)
  2 centaurs
  2 bullfrogs (D:7)
  A kobold brigand (D:7)
  A gnoll sergeant (D:6)
  A scorpion (D:3)
  13 wights
  3 jellies
  2 bullfrog zombies (D:5)
  10 orc priests
  A gnoll shaman (D:6)
  A bullfrog skeleton (D:5)
  A centaur skeleton (D:7)
  5 hounds
  2 iguanas
  6 orc wizards
  A killer bee zombie (D:7)
  A hound zombie (D:5)
  A howler monkey skeleton (D:4)
  4 adders
  9 gnolls (D:6)
  A shadow imp (D:6)
  A white imp (D:7)
  An ufetubus (D:4)
  3 worms
  20 orcs
  2 bats
  3 endoplasms
  2 giant cockroaches
  7 goblins
  9 hobgoblins
  3 jackals (D:3)
  15 kobolds
  3 quokkas
  8 ball pythons
  4 frilled lizards
  6 rats
170 creatures vanquished.

Vanquished Creatures (others)
  3 plants (D:5)
3 creatures vanquished.

Grand Total: 173 creatures vanquished

Notes
Turn   | Place    | Note
-------+----------+-------------------------------------------
     0 | D:1      | ticklebelly the Minotaur Berserker began the quest for the
                  | Orb.
     0 | D:1      | Reached XP level 1. HP: 19/19 MP: 0/0
   258 | D:1      | Reached XP level 2. HP: 23/27 MP: 1/1
   652 | D:1      | Found a faded altar of an unknown god.
   920 | D:1      | Reached ** piety under Trog
   921 | D:1      | Reached XP level 3. HP: 21/34 MP: 2/2
  1663 | D:2      | Found a glowing golden altar of the Shining One.
  1787 | D:3      | Reached XP level 4. HP: 35/41 MP: 3/3
  1878 | D:3      | Reached skill level 5 in Axes
  1882 | D:3      | Reached skill level 5 in Fighting
  2152 | D:3      | Reached XP level 5. HP: 47/48 MP: 4/4
  2493 | D:3      | Reached XP level 6. HP: 17/57 MP: 5/5
  2924 | D:4      | Found a white marble altar of Elyvilon.
  3845 | D:5      | Entered Level 5 of the Dungeon
  4103 | D:5      | Found a glowing golden altar of the Shining One.
  4125 | D:5      | Reached XP level 7. HP: 52/64 MP: 6/6
  4258 | D:5      | Found a staircase to the Ecumenical Temple.
  4496 | D:5      | Reached *** piety under Trog
  5101 | D:6      | Reached skill level 5 in Armour
  5520 | D:6      | Reached XP level 8. HP: 52/73 MP: 7/7
  5822 | D:6      | Noticed a two-headed ogre
  5832 | D:6      | Killed a two-headed ogre
  5833 | D:6      | Reached skill level 5 in Dodging
  6860 | D:6      | Reached XP level 9. HP: 64/82 MP: 8/8
  7136 | D:7      | Found a snail-covered altar of Cheibriados.
  7272 | D:7      | Found a basalt altar of Yredelemnul.
  7921 | D:7      | Identified the +1 chain mail of Ygull {Will- Str+2 Int+5}
  7928 | D:7      | Noticed Harold
  7940 | D:7      | Killed Harold
  7941 | D:7      | Reached skill level 10 in Fighting
  7941 | D:7      | Reached skill level 10 in Axes
  8309 | D:7      | Found a burning altar of Makhleb.
  8322 | D:7      | Reached **** piety under Trog
  8610 | D:8      | Reached XP level 10. HP: 93/93 MP: 9/9
  8913 | D:8      | Killed from afar by an electric eel

Illustrated notes

Levels and vault maps discovered:
D:1:      saegor_arrival_simple_e, layout_rooms,
          hellmonk_ecumenical_altar_prayer_group, minmay_splitting_lines
D:2:      layout_basic, basic_altar
D:3:      layout_loops_ring
D:4:      layout_layer_cave, mainiacjoe_overflow_alcove_4
D:5:      layout_basic, mainiacjoe_overflow_boulevard,
          minmay_temple_entry_mini_moons, chequers_serial_rivers_micro_d
D:6:      layout_basic
D:7:      layout_loops_ring, nicolae_overflow_crystal_walls,
          makhleb_blood_cavern_becter, mainiacjoe_overflow_alcove_1, uniq_harold
D:8:      layout_gridville, gammafunk_temple_overflow_wave, erik_lair_island,
          serial_glass, glass_columns_b, glass_columns_c, glass_columns_a,
          glass_columns_b, glass_columns_b, glass_columns_b, glass_columns_a,
          glass_columns_a, due_unseen_surprise, item_on_display_a,
          minmay_strange_pillars, special_room [special_room_orc], uniq_joseph

Skill      XL: |  1  2  3  4  5  6  7  8  9 |
---------------+----------------------------+-----
Fighting       | 4 5 6 7 8 10 | 10.7
Axes           | 4 5 6 7 8 10 | 10.8
Armour         | 3 4 5 6 9 |  9.5
Dodging        | 3 4 5 |  5.5

Action                   |  1- 3 |  4- 6 |  7- 9 | 10-12 || total
-------------------------+-------+-------+-------+-------++-------
Melee: Hand axe          |    98 |   105 |       |       ||   203
       Headbutt          |    11 |    25 |    43 |     7 ||    86
       War axe           |       |     9 |   193 |    43 ||   245
Invok: Trog's Hand       |       |     2 |     3 |       ||     5
       Berserk           |       |     1 |     5 |       ||     6
 Stab: Sleeping          |     1 |       |       |       ||     1
Armor: Animal skin       |    15 |     5 |       |       ||    20
       Ring mail         |       |    17 |    13 |       ||    30
       Chain mail        |       |       |    63 |    41 ||   104
Dodge: Dodged            |    79 |    57 |   111 |    22 ||   269
